 Dungeon Crawl Stone Soup version 0.29.1-13-g9f3cf754e1 (webtiles) character file.

Game seed: 11081169891345688608

118400 wingedge the Devastator (level 15, -3/132 HPs)
             Began as a Demigod Conjurer on Feb 2, 2023.
             Killed from afar by a merfolk aquamancer (28 damage)
             ... with a torrent of water
             ... on level 1 of the Shoals on Feb 3, 2023.
             The game lasted 02:44:29 (44772 turns).

wingedge the Devastator (Demigod Conjurer)         Turns: 44772, Time: 02:44:29

Health: -3/132     AC: 19    Str:  8    XL:     15   Next: 78%
Magic:  17/41      EV: 13    Int: 40    God:
Gold:   287        SH:  6    Dex:  7    Spells: 2/31 levels left

rFire   + . .      SeeInvis +   p - staff of poison
rCold   + . .      Faith    .   l - +1 buckler {AC+3}
rNeg    + . .      Spirit   .   w - +1 robe of the Blue Moon {rC+ Will+ Str-2}
rPois   +          Reflect  .   d - +0 helmet of Elyvilon's Generosity {Fly rCorr Dex-5 SInv}
rElec   .          Harm     .   L - +2 cloak {Stlth+}
rCorr   +          Rampage  .   e - +2 pair of gloves
Will    ++...                   n - +0 pair of boots
Stlth   ++++......              (no amulet)
HPRegen 0.32/turn               S - ring "Yhomyuv" {rF+ rN+ AC+4 Str+2 Stlth+}
MPRegen 0.27/turn               t - ring of magical power

@: flying, studying Axes
A: high MP 1, forlorn, divine attributes
a: no special abilities


You were on level 1 of the Shoals.
You visited 5 branches of the dungeon, and saw 24 of its levels.
You also visited: Gauntlet.

You collected 2468 gold pieces.
You spent 2181 gold pieces at shops.

Inventory:

Hand Weapons
 a - a +5 broad axe of freezing
 h - a +8 war axe of holy wrath
 D - a +0 whip of distortion
Missiles
 V - a throwing net
Armour
 d - the +0 helmet of Elyvilon's Generosity (worn) {Fly rCorr Dex-5 SInv}
   (You found it on level 14 of the Dungeon)

   Dex:       It affects your dexterity (-5).
   SInv:      It lets you see invisible.
   Fly:       It grants you flight.
   rCorr:     It protects you from acid and corrosion.
 e - a +2 pair of gloves (worn)
 l - a +1 buckler of protection (worn)
 n - a +0 pair of boots (worn)
 w - the +1 robe of the Blue Moon (worn) {rC+ Will+ Str-2}
   (You found it on level 3 of the Dungeon)

   Str:       It affects your strength (-2).
   rC:        It protects you from cold.
   Will:      It increases your willpower.
 L - a +2 cloak of stealth (worn)
 W - +0 acid dragon scales
Magical Staves
 b - a staff of conjuration
 p - a staff of poison (weapon)
 r - a staff of air
Jewellery
 f - the ring of Xom's Flight of Fancy {Fly rN++ Int+4}
   (You found it in a Gauntlet)

   [ring of flight]

   Int:       It affects your intelligence (+4).
   rN:        It greatly protects you from negative energy.
   Fly:       It grants you flight.
 k - a ring of protection from cold
 t - a ring of magical power (right hand)
 S - the ring "Yhomyuv" (left hand) {rF+ rN+ AC+4 Str+2 Stlth+}
   (You bought it in a shop on level 6 of the Dungeon)

   [ring of protection]

   AC:        It affects your AC (+4).
   Str:       It affects your strength (+2).
   rF:        It protects you from fire.
   rN:        It protects you from negative energy.
   Stlth:     It makes you more stealthy.
Wands
 u - a wand of mindburst (17)
 A - a wand of digging (14)
 I - a wand of paralysis (12) (quivered)
 J - a wand of iceblast (14)
 O - a wand of polymorph (29)
 T - a wand of quicksilver (15)
 U - a wand of flame (16)
Scrolls
 c - 2 scrolls of vulnerability
 g - 4 scrolls of identify
 i - a scroll of fear
 j - 4 scrolls of butterflies
 q - 5 scrolls of torment
 v - 2 scrolls of silence
 y - 5 scrolls of blinking
 C - a scroll of poison
 M - 5 scrolls of amnesia
 P - 2 scrolls of immolation
 Q - a scroll of brand weapon
 Y - 6 scrolls of teleportation
Potions
 m - 3 potions of flight
 o - 8 potions of lignification
 s - 11 potions of curing
 z - 2 potions of attraction
 B - 4 potions of brilliance
 E - 4 potions of cancellation
 F - 2 potions of invisibility
 G - 3 potions of mutation
 H - 3 potions of heal wounds
 N - 10 potions of ambrosia
 R - a potion of resistance
 X - a potion of berserk rage
 Z - 5 potions of might


   Skills:
 + Level 11.9 Fighting
 - Level 2.0 Short Blades
 + Level 6.5 Axes
 - Level 5.0 Armour
 - Level 8.0 Dodging
 - Level 4.0 Stealth
 - Level 8.0 Shields
 * Level 8.5 Spellcasting
 * Level 15.7 Conjurations
 - Level 6.0 Hexes
 + Level 5.8 Summonings
 - Level 5.0 Necromancy
 - Level 2.0 Translocations
 - Level 2.0 Transmutations
 - Level 2.0 Ice Magic
 - Level 3.4 Earth Magic


You had 2 spell levels left.
You knew the following spells:

 Your Spells              Type           Power      Damage    Failure   Level
a - Magic Dart            Conj           100%       1d8       0%          1
b - Iskenderun's Battles  Conj           97%        2d14      1%          5
c - Ensorcelled Hibernat  Hex/Ice        98%        N/A       1%          2
d - Fulminant Prism       Conj/Hex       40%        3d20      1%          4
e - Sublimation of Blood  Necr           54%        N/A       1%          2
f - Wereblood             Tmut           33%        N/A       1%          2
g - Cause Fear            Hex            30%        N/A       2%          4
h - Blink                 Tloc           66%        N/A       1%          2
o - Orb of Destruction    Conj           48%        9d13      3%          7

Your spell library contained the following spells:

 Spells                   Type           Power      Damage    Failure   Level
 Searing Ray              Conj           100%       2d8       0%          2
 Apportation              Tloc           66%        N/A       1%          1
 Foxfire                  Conj/Fire      100%       2x1d9     1%          1
 Necrotise                Necr           100%       1d9       1%          1
 Summon Small Mammal      Summ           100%       N/A       1%          1
 Call Canine Familiar     Summ           59%        N/A       1%          3
 Conjure Flame            Conj/Fire      68%        6-21      1%          3
 Dazzling Flash           Conj/Hex       100%       N/A       1%          3
 Mephitic Cloud           Conj/Pois/Air  73%        N/A       1%          3
 Portal Projectile        Hex/Tloc       98%        N/A       1%          3
 Stone Arrow              Conj/Erth      100%       3d13      1%          3
 Summon Guardian Golem    Hex/Summ       59%        N/A       1%          3
 Flame Wave               Conj/Fire      68%        2d15      1%          4
 Iskenderun's Mystic Bla  Conj/Tloc      73%        2d15      1%          4
 Inner Flame              Hex/Fire       41%        N/A       2%          3
 Anguish                  Hex/Necr       28%        N/A       2%          4
 Fireball                 Conj/Fire      34%        3d14      2%          5
 Lightning Bolt           Conj/Air       34%        1d51      2%          5
 Animate Armour           Summ/Erth      100%       N/A       3%          4
 Animate Dead             Necr           54%        N/A       3%          4
 Dispel Undead            Necr           54%        3d20      3%          4
 Leda's Liquefaction      Hex/Erth       26%        N/A       3%          4
 Spider Form              Tmut/Pois      37%        N/A       4%          3
 Ignite Poison            Fire/Tmut/Pois 33%        N/A       6%          3
 Freezing Cloud           Conj/Ice/Air   29%        6-21      6%          5
 Summon Lightning Spire   Summ/Air       40%        N/A       8%          4
 Corpse Rot               Necr/Pois/Air  45%        N/A       13%         4
 Airstrike                Air            8%         2d(2-18)  26%         4
 Spellforged Servitor     Conj/Summ      40%        N/A       26%         7
 Manifold Assault         Tloc           33%        N/A       30%         5
 Death Channel            Necr           27%        N/A       45%         6
 Enfeeble                 Hex            30%        N/A       88%         7
 Summon Hydra             Summ           29%        N/A       88%         7
 Haunt                    Necr/Summ      28%        N/A       93%         7
 Lehudib's Crystal Spear  Conj/Erth      38%        10d9      97%         8
 Dragon Form              Tmut           16%        N/A       100%        7
 Storm Form               Tmut/Air       12%        N/A       100%        7
 Infestation              Necr           27%        N/A       100%        8
 Dragon's Call            Summ           29%        N/A       100%        9


Dungeon Overview and Level Annotations

Branches:
Dungeon (15/15)            Temple (1/1) D:7            Lair (5/5) D:8
 Shoals (1/4) Lair:3        Snake (0/4) Lair:2        Slime (0/5) Lair:5
    Orc (2/2) D:11            Elf (0/3) Orc:2        Vaults (0/5) D:13
 Depths (0/4) D:15        Gauntlet (visited)

Shops:
D:6 ::=   Orc:1 [   Orc:2 *(:[

Portals:
Hell: Lair:5

Annotations:
D:14 1 runed translucent door, Kilet's ghost, adept GrEE


Innate Abilities, Weirdness & Mutations

You have an increased reservoir of magic. (+10% MP)
You shall have no god before yourself.
Your divine heritage dramatically boosts your attributes as you level up.


Message History

The merfolk barely misses you. The sea snake bites you.
Your fulminant prism crackles loudly.
You cannot move away from the merfolk avatar!
Okay, then.
Casting: Fulminant Prism (safe; 1% risk of failure)
Confirm with . or Enter, or press ? or * to list all spells.
Casting: Cause Fear (mildly dangerous; 2% risk of failure)
Press: ? - help, Dir - look around, f - activate Look: a merfolk avatar (mesmerising, ally target, chance to affect: 10%)
Okay, then.
Unknown command.
Okay, then.
Your magical effects are unravelling.
You feel magically purged.
You break out of your daze.
The merfolk hits you but does no damage.
The merfolk aquamancer hits you with a +0 rapier.
* * * LOW HITPOINT WARNING * * *
The sea snake bites you but does no damage.
The merfolk completely misses you.
The merfolk avatar chants a haunting song.
You resist.
Your fulminant prism explodes!
The blast of energy engulfs the plant!
The plant begins to die.
The plant is lightly damaged.
The blast of energy engulfs the merfolk avatar!
The merfolk avatar is lightly wounded.
The blast of energy engulfs the plant!!
The plant begins to die.
The plant is lightly damaged.
The blast of energy engulfs the plant!!
The plant begins to die.
The plant is lightly damaged.
The blast of energy engulfs the sea snake!!
The sea snake is heavily wounded.
Your fulminant prism crackles loudly.
The merfolk hits you but does no damage.
The sea snake bites you!
* * * LOW HITPOINT WARNING * * *
The merfolk aquamancer gestures at you while chanting.
The torrent of water hits you!!
You die...

.......~~≈≈≈≈~~
.......~~~~~~~~
~~.....~~~~~~..
............~..
......*...... .
.m.........
~...##Sm.......
......m@.......
.......S~~.....
.~.....)..~.~~.
.~..P..P......#
~~~..........##
.~Pm..P..P.....
.~~..~...P~....
~....~~~~~~..~.


You could see a merfolk avatar, 2 sea snakes, a merfolk aquamancer (ally
target), 2 merfolk and a friendly fulminant prism.

Vanquished Creatures
  Jorgrun (D:14)
  Gastronok (Lair:1)
  3 orc warlords (Orc:2)
  A stone giant (D:15)
  Nessos (D:13)
  Azrael (D:14)
  A minotaur (Gauntlet)
  Josephine (D:14)
  7 hydras
  5 boulder beetles
  A vault guard (D:13)
  A radroach (shapeshifter) (D:14)
  6 centaur warriors
  4 two-headed ogres
  A death knight (D:15)
  4 tengu warriors
  12 death yaks
  3 orc high priests (Orc:2)
  Nergalle (Orc:2)
  A sixfirhy (Lair:5)
  2 lindwurms
  8 deep elf pyromancers
  A deep elf zephyrmancer (D:13)
  9 orc knights
  A wizard (Lair:5)
  12 ugly things (D:15)
  A shining eye (Gauntlet)
  9 cyclopes
  2 manticores (Lair:3)
  7 orc sorcerers
  16 elephants
  A smoke demon (Lair:5)
  A merfolk siren (Lair:3)
  Maurice (D:8)
  5 black mambas
  A gargoyle (D:12)
  16 cane toads
  A torpor snail (Lair:5)
  An ice statue (D:14)
  2 orange demons (Lair:5)
  Joseph (D:7)
  An unseen horror (D:11)
  A hellion (Gauntlet)
  A minotaur zombie (Gauntlet)
  8 rime drakes
  8 komodo dragons
  A freezing wraith (D:15)
  An efreet (D:15)
  An ice devil (Lair:5)
  8 trolls
  6 meliai
  A queen bee (D:14)
  3 polar bears
  A troll (shapeshifter) (D:13)
  3 red devils (Lair:5)
  A hornet (D:9)
  Prince Ribbit (D:8)
  19 blink frogs
  A merfolk (Shoals:1)
  16 slime creatures
  8 dream sheep
  The ghost of sigtrap the Covert, an amateur KoBr (D:4)
  8 wyverns
  44 yaks
  3 vampires
  4 water elementals
  2 fire elementals (D:14)
  3 basilisks
  11 vampire mosquitoes
  8 wraiths
  Grum (Lair:1)
  2 acid dragons
  8 wargs
  3 swamp worms (Gauntlet)
  6 water moccasins
  6 hell hounds
  An ice beast (D:6)
  A floating eye (Gauntlet)
  A sky beast (shapeshifter) (D:13)
  2 black bears
  10 ogres
  A sky beast (D:8)
  45 orc warriors
  29 wolves
  14 centaurs
  A kobold brigand (D:8)
  3 necrophages
  9 bullfrogs
  4 scorpions
  32 killer bees
  5 wights (D:7)
  4 howler monkeys
  21 orc priests
  Crazy Yiuf (D:5)
  2 hounds
  3 jellies
  4 iguanas
  Jessica (D:2)
  26 orc wizards
  4 gnolls (Orc:1)
  9 adders
  A shadow imp (D:8)
  A white imp (D:8)
  An ufetubus (D:5)
  A worm (D:3)
  2 dart slugs
  76 orcs
  5 bats
  12 endoplasms
  A giant cockroach (D:1)
  5 hobgoblins
  8 jackals
  11 kobolds
  A quokka (D:1)
  8 ball pythons
  5 frilled lizards
  5 goblins
  5 rats
  A fulminant prism (Lair:5)
736 creatures vanquished.

Vanquished Creatures (others)
  A bush (Lair:5)
  3 demonic plants (Gauntlet)
  446 fulminant prisms
  48 fungi
  66 plants
564 creatures vanquished.

Grand Total: 1300 creatures vanquished

Notes
Turn   | Place    | Note
-------+----------+-------------------------------------------
     0 | D:1      | wingedge the Demigod Conjurer began the quest for the Orb.
     0 | D:1      | Reached XP level 1. HP: 14/14 MP: 5/5
   344 | D:1      | Reached skill level 4 in Conjurations
   344 | D:1      | Reached XP level 2. HP: 20/20 MP: 2/7
   347 | D:1      | Learned a level 2 spell: Searing Ray
   940 | D:1      | Reached skill level 1 in Fighting
  1531 | D:2      | Reached XP level 3. HP: 28/28 MP: 4/8
  1681 | D:2      | Noticed Jessica
  1684 | D:2      | Killed Jessica
  2232 | D:2      | Reached skill level 5 in Conjurations
  2249 | D:2      | Reached XP level 4. HP: 35/35 MP: 1/9
  2523 | D:3      | Identified the +1 robe of the Blue Moon {rC+ Will+ Str-2}
  3647 | D:4      | Reached skill level 1 in Shields
  3647 | D:4      | Reached skill level 1 in Hexes
  3647 | D:4      | Reached XP level 5. HP: 29/40 MP: 1/10
  3826 | D:4      | Found a transporter.
  3920 | D:4      | Noticed sigtrap's ghost (amateur KoBr)
  3921 | D:4      | Noticed an ogre
  3921 | D:4      | Identified the +5 great mace of Calamity {vorpal, rElec}
  3921 | D:4      | Noticed an ogre
  3922 | D:4      | Noticed an ogre
  4113 | D:4      | Noticed a black bear
  4122 | D:4      | Killed a black bear
  4557 | D:4      | Learned a level 2 spell: Ensorcelled Hibernation
  4579 | D:5      | Entered Level 5 of the Dungeon
  4691 | D:5      | Reached XP level 6. HP: 43/48 MP: 4/11
  4750 | D:5      | Learned a level 4 spell: Fulminant Prism
  4851 | D:5      | Reached skill level 1 in Ice Magic
  5096 | D:5      | Reached skill level 6 in Conjurations
  5293 | D:5      | Found a runed translucent door.
  5294 | D:5      | Noticed Crazy Yiuf
  5304 | D:5      | Killed Crazy Yiuf
  5621 | D:5      | Reached XP level 7. HP: 51/55 MP: 7/14
  5847 | D:6      | Found Jiyfehun's Book Shop.
  5908 | D:6      | Found Zesaurux's Book Emporium.
  5980 | D:6      | Found Umiomoor's Jewellery Emporium.
  6254 | D:6      | Found Jepuasui's Jewellery Emporium.
  7067 | D:7      | Reached XP level 8. HP: 63/63 MP: 6/17
  7067 | D:7      | Noticed Joseph
  7297 | D:7      | Killed Joseph
  8230 | D:7      | Reached skill level 7 in Conjurations
  8444 | D:7      | Found a staircase to the Ecumenical Temple.
  8453 | Temple   | Entered the Ecumenical Temple
  8785 | D:8      | Reached XP level 9. HP: 65/71 MP: 7/19
  8964 | D:8      | Noticed Maurice
  8979 | D:8      | Killed Maurice
  9266 | D:8      | Reached skill level 5 in Hexes
  9359 | D:8      | Found a staircase to the Lair.
  9376 | D:8      | Noticed Prince Ribbit
  9393 | D:8      | Reached skill level 5 in Spellcasting
  9405 | D:8      | Killed Prince Ribbit
  9406 | D:8      | Reached skill level 5 in Fighting
 10011 | D:8      | Reached skill level 1 in Short Blades
 10011 | D:8      | Reached skill level 8 in Conjurations
 10601 | D:9      | Reached skill level 1 in Earth Magic
 10765 | D:9      | Noticed a deep elf pyromancer
 10772 | D:9      | Killed a deep elf pyromancer
 10773 | D:9      | Reached XP level 10. HP: 83/83 MP: 6/21
 10882 | D:9      | Learned a level 2 spell: Sublimation of Blood
 10885 | D:9      | Learned a level 2 spell: Wereblood
 11018 | D:9      | Paralysed by a hornet for 1 turns
 11156 | D:9      | Reached skill level 1 in Necromancy
 11156 | D:9      | Reached skill level 1 in Transmutations
 11537 | D:10     | Entered Level 10 of the Dungeon
 11705 | D:10     | HP: 4/126 [orc priest/divine providence (14)]
 12479 | Lair:1   | Entered Level 1 of the Lair of Beasts
 13315 | Lair:1   | Reached XP level 11. HP: 92/92 MP: 16/24
 13328 | Lair:1   | Noticed Grum
 13334 | Lair:1   | Killed Grum
 13603 | Lair:1   | Learned a level 4 spell: Cause Fear
 13709 | Lair:1   | Reached skill level 9 in Conjurations
 13927 | Lair:1   | Noticed Gastronok
 13948 | Lair:1   | Killed Gastronok
 14172 | Lair:1   | You fall into a shaft and drop 1 floor!
 15557 | Lair:2   | Found a staircase to the Snake Pit.
 15630 | Lair:2   | Noticed a four-headed hydra
 15639 | Lair:2   | Killed a four-headed hydra
 16218 | Lair:3   | Reached skill level 10 in Conjurations
 16660 | Lair:3   | Reached XP level 12. HP: 84/104 MP: 16/27
 16787 | Lair:3   | Noticed a boulder beetle
 16913 | Lair:2   | Reached skill level 1 in Armour
 17739 | Lair:3   | Found a staircase to the Shoals.
 18232 | Lair:3   | Killed a boulder beetle
 18514 | Lair:3   | Reached skill level 5 in Shields
 20388 | Lair:4   | Learned a level 7 spell: Orb of Destruction
 20533 | D:6      | Bought the ring "Yhomyuv" {rF+ rN+ AC+4 Str+2 Stlth+} for
                  | 795 gold pieces
 20798 | Lair:4   | Reached skill level 11 in Conjurations
 21279 | Lair:5   | Entered Level 5 of the Lair of Beasts
 21279 | Lair:5   | Noticed a six-headed hydra
 21287 | Lair:5   | Killed a six-headed hydra
 21303 | Lair:5   | Reached skill level 10 in Fighting
 21414 | Lair:5   | Noticed a five-headed hydra
 21420 | Lair:5   | Killed a five-headed hydra
 21433 | Lair:4   | Reached XP level 13. HP: 81/113 MP: 14/29
 21758 | Lair:4   | Reached skill level 5 in Dodging
 22088 | Lair:5   | Reached skill level 12 in Conjurations
 22822 | Lair:4   | Reached skill level 13 in Conjurations
 23490 | Lair:5   | Learned a level 2 spell: Blink
 23840 | Lair:5   | Reached skill level 1 in Translocations
 24735 | Lair:5   | Found a staircase to the Slime Pits.
 25326 | Lair:5   | Found a gateway to Hell.
 25877 | D:11     | Found a staircase to the Orcish Mines.
 26301 | D:11     | Reached XP level 14. HP: 122/122 MP: 28/30
 26842 | Orc:1    | Entered Level 1 of the Orcish Mines
 26860 | Orc:1    | Reached skill level 1 in Summonings
 27849 | Orc:1    | Found Nianukos's Antique Armour Emporium.
 28014 | Orc:2    | Entered Level 2 of the Orcish Mines
 28018 | Orc:2    | Found a staircase to the Elven Halls.
 28188 | Orc:2    | Noticed an orc warlord
 28442 | Orc:2    | Noticed an orc warlord
 29727 | Orc:2    | Noticed an orc warlord
 29733 | Orc:2    | Killed an orc warlord
 29985 | Orc:2    | Reached skill level 14 in Conjurations
 30299 | Orc:2    | Killed an orc warlord
 31385 | Orc:2    | Killed an orc warlord
 31386 | Orc:2    | Reached skill level 5 in Armour
 32508 | Orc:2    | Noticed Nergalle
 33190 | Orc:2    | Killed Nergalle
 33878 | Orc:2    | Found Jonexkem's Book Boutique.
 33881 | Orc:2    | Found Naonom's Antique Armour Boutique.
 34067 | Orc:2    | Found Mypenos's General Store.
 34073 | Orc:2    | Bought a potion of mutation for 80 gold pieces
 34082 | Orc:2    | Found Gaod's Antique Weapon Boutique.
 34089 | Orc:2    | Bought a glowing broad axe for 266 gold pieces
 34190 | Orc:2    | Bought a manual of Axes for 1040 gold pieces
 34893 | D:12     | Reached skill level 1 in Axes
 35831 | D:13     | Noticed Nessos
 35846 | D:13     | Killed Nessos
 36584 | D:13     | Got the Precepts of Sand
 36593 | D:13     | Learned a level 5 spell: Iskenderun's Battlesphere
 36657 | D:13     | Got the Grimoire of Axaxaxas mlö
 36683 | D:13     | You fall into a shaft and drop 2 floors!
 36683 | D:15     | Entered Level 15 of the Dungeon
 36698 | D:15     | Found a gate leading to a gauntlet.
 36753 | Gauntlet | Entered a Gauntlet
 36753 | Gauntlet | Found a transporter.
 36753 | Gauntlet | Found a transporter.
 36762 | Gauntlet | Found a transporter.
 36766 | Gauntlet | Found a transporter.
 36778 | Gauntlet | Found a transporter.
 36781 | Gauntlet | Found a transporter.
 36793 | Gauntlet | Found a transporter.
 36809 | Gauntlet | Found a transporter.
 36813 | Gauntlet | Found a transporter.
 36833 | Gauntlet | Found a transporter.
 36848 | Gauntlet | Found a transporter.
 36849 | Gauntlet | Found a transporter.
 37152 | Gauntlet | Reached XP level 15. HP: 109/130 MP: 21/31
 37230 | Gauntlet | Identified the ring of Xom's Flight of Fancy {Fly rN++
                  | Int+4}
 38137 | D:14     | Noticed Azrael
 38139 | D:14     | Killed Azrael
 38148 | D:14     | Reached skill level 5 in Necromancy
 38156 | D:14     | Noticed Jorgrun
 38497 | D:14     | Killed Jorgrun
 38498 | D:14     | Reached skill level 15 in Conjurations
 38517 | D:14     | Identified the +0 helmet of Elyvilon's Generosity {Fly
                  | rCorr Dex-5 SInv}
 39175 | D:13     | Reached skill level 5 in Summonings
 39676 | D:13     | Found a gate to the Vaults.
 39736 | D:14     | Reached skill level 5 in Axes
 40525 | D:14     | Found a runed translucent door.
 40527 | D:14     | Noticed Kilet's ghost (adept GrEE)
 41209 | D:14     | Noticed Josephine
 41214 | D:14     | Killed Josephine
 41982 | D:4      | Found a transporter.
 41998 | D:4      | Killed sigtrap's ghost
 43079 | D:15     | Found a staircase to the Depths.
 43874 | Shoals:1 | Entered Level 1 of the Shoals
 44772 | Shoals:1 | Killed from afar by a merfolk aquamancer

Illustrated notes

Levels and vault maps discovered:
D:1:      zelgadis_glass_arrival_small, layout_basic
D:2:      layout_basic, dreamdust_ecumenical_altar_grove, uniq_jessica
D:3:      layout_basic, serial_forest, infiniplex_forest_end_2,
          infiniplex_forest_clump_medium, infiniplex_forest_side_room,
          infiniplex_forest_lined_3
D:4:      layout_basic, grunt_temple_overflow_growth_and_decay,
          gammafunk_ghost_smash, hangedman_decor_slide_cut,
          chequers_serial_rivers_marsh, dk_noncrumbling_4
D:5:      layout_cave_pools, general_overflow_altar, uniq_crazy_yiuf_cottage
D:6:      layout_loops_ring, serial_shops, nicolae_shop_window_shopping,
          nicolae_shop_trees, nicolae_stop_n_shop_1, nicolae_lakefront_shop
D:7:      layout_rooms, temple_hall, uniq_joseph
D:8:      layout_cave_pods, mainiacjoe_overflow_concentric_impassable,
          lair_entry_dummy, uniq_maurice, uniq_prince_ribbit1
D:9:      layout_gridville, xom_teletrap_fun, elyvilon_altar_1
D:10:     layout_rooms, marbit_many_paths
D:11:     layout_basic, orc_0_dummy, serial_corexii_hall,
          corexii_hall_statues_x, corexii_hall_statues_i,
          corexii_hall_statues_l, corexii_hall_statues_x
D:12:     layout_cave_pools
D:13:     layout_small_grid, david_vaults_4, chequers_serial_rivers_small_3,
          bh_hangedman_babel_library, uniq_nessos
D:14:     minmay_general_purpose_star, layout_basic, special_room
          [special_room_bee], ebering_ghost_xom,
          nicolae_concentric_dashed_squares_wild,
          portal_ice_cave_entry_ice_statue_one, uniq_azrael, uniq_jorgrun,
          uniq_josephine
D:15:     grunt_enter_depths_snipers, layout_irregular_city,
          nicolae_kite_square_tiling_tiny, gauntlet_entry_generic
Temple:   bh_familiar_temple
Lair:1:   layout_loops_ring, uniq_grum, uniq_gastronok
Lair:2:   layout_regular_city, dummy_snake_entry
Lair:3:   layout_cave_pods, elwin_shoals_entry_rooms,
          nicolae_quartered_pool_little
Lair:4:   layout_roguey, beast_lair_carwin_7, infiniplex_staircase_pool_2
Lair:5:   evil_forest, layout_long_grid, nicolae_slime_entry_slimehenge,
          minmay_stone_trees_medium, lemuel_fruit_fields, serial_bayou_shore_a
Shoals:1: layout_shoals
Orc:1:    layout_caves, serial_shops, shop, mines2_lemuel
Orc:2:    grunt_orc_cross, layout_caves, enter_volcano_1, lightli_orcish_oven

Skill      XL: |  1  2  3  4  5  6  7  8  9 10 11 12 13 14 15 |
---------------+----------------------------------------------+-----
Spellcasting   | 2 3 4 5 6 7 8 |  8.5
Conjurations   | 4 5 6 7 8 10 11 13 14 15 | 15.7
Fighting       | 1 2 3 4 6 7 9 10 11 | 11.9
Dodging        | 2 3 4 5 7 8 |  8.0
Stealth        | 2 3 4 |  4.0
Shields        | 1 2 3 4 6 8 |  8.0
Hexes          | 1 2 3 4 5 6 |  6.0
Ice Magic      | 1 2 |  2.0
Short Blades   | 2 |  2.0
Earth Magic    | 2 3 |  3.4
Necromancy     | 2 4 5 |  5.0
Transmutations | 2 |  2.0
Armour         | 4 5 |  5.0
Translocations | 2 |  2.0
Summonings     | 4 5 |  5.8
Axes           | 3 6 |  6.5

Action                   |  1- 3 |  4- 6 |  7- 9 | 10-12 | 13-15 || total
-------------------------+-------+-------+-------+-------+-------++-------
Melee: Short sword       |     1 |       |     8 |     9 |       ||    18
       Dagger            |     4 |    25 |    43 |   143 |       ||   215
       Staff             |       |       |       |    13 |     8 ||    21
       War axe           |       |       |       |       |    84 ||    84
       Broad axe         |       |       |       |       |    93 ||    93
 Cast: Magic Dart        |    51 |    48 |    19 |    11 |    42 ||   171
       Searing Ray       |    10 |    24 |    40 |    86 |    20 ||   180
       Ensorcelled Hiber |       |     2 |    22 |     6 |     1 ||    31
       Fulminant Prism   |       |       |    40 |   152 |   256 ||   448
       Sublimation of Bl |       |       |       |     3 |    38 ||    41
       Wereblood         |       |       |       |     6 |    11 ||    17
       Cause Fear        |       |       |       |    18 |    20 ||    38
       Orb of Destructio |       |       |       |       |   247 ||   247
       Blink             |       |       |       |       |    16 ||    16
       Iskenderun's Batt |       |       |       |       |    18 ||    18
Evoke: Wand              |       |       |       |    14 |     2 ||    16
  Use: Scroll            |       |     7 |     3 |     8 |    18 ||    36
       Potion            |       |     1 |       |     3 |     4 ||     8
 Stab: Sleeping          |       |     1 |    11 |     4 |     1 ||    17
       Paralysed         |       |       |       |     2 |     8 ||    10
       Distracted        |       |       |       |       |     1 ||     1
Armor: Robe              |     1 |     1 |    13 |   145 |   340 ||   500
       Skin              |       |     3 |       |     5 |       ||     8
Dodge: Dodged            |     4 |    11 |    56 |   357 |   442 ||   870
Block: Buckler           |       |     1 |    12 |   105 |   220 ||   338
